 Dungeon Crawl Stone Soup version 0.20-a0-1006-ge6c5631 (webtiles) character file.

3510 Ordine the Cleaver (level 10, -3/61 HPs)
             Began as a Tengu Fighter on Apr 13, 2017.
             Was an Initiate of Gozag.
             Slain by an ufetubus (4 damage)
             ... summoned by a kobold demonologist
             ... in a bailey.
             The game lasted 00:20:43 (7592 turns).

Ordine the Cleaver (Tengu Fighter)                  Turns: 7592, Time: 00:20:44

Health: -3/61      AC: 14    Str: 19      XL:     10   Next: 8%
Magic:  11/11      EV:  7    Int:  6 (9)  God:    Gozag
Gold:   775        SH:  9    Dex: 11 (14) Spells: 9/9 levels left

rFire    . . .     SeeInvis .   a - +1 war axe
rCold    + . .     Gourm    .   c - +0 shield
rNeg     . . .     Faith    .   q - +1 chain mail {rC+}
rPois    .         Spirit   .   (helmet restricted)
rElec    .         Reflect  .   s - +0 cloak
rCorr    .         Harm     .   i - +0 pair of gloves
MR       .....                  (boots unavailable)
Stlth    ..........             (no amulet)
Regen    0.2/turn               (no ring)
MPRegen  0.2/turn               (no ring)

@: gold aura
A: beak, talons 3, able to fly 1
a: Fly, Potion Petition, Call Merchant, Bribe Branch, Renounce Religion


You were in a bailey.
You worshipped Gozag.
Gozag was pleased with you.
You were not hungry.

You visited 2 branches of the dungeon, and saw 9 of its levels.
You also visited: Bailey.

You collected 826 gold pieces.
You paid 51 gold pieces to Gozag.

Inventory:

Hand Weapons
 a - a +1 war axe (weapon)
Armour
 c - a +0 shield (worn)
 i - a +0 pair of gloves (worn)
 o - the +8 chain mail of Miorr {*Slow rPois rF+++ Str+4 Dex-4}
   (You found it on level 8 of the Dungeon)

   It affects your strength (+4).
   It affects your dexterity (-4).
   It renders you almost immune to fire.
   It protects you from poison.
   It may slow you when you take damage.
 q - a +1 chain mail of cold resistance (worn)
 s - a +0 cloak (worn)
Wands
 b - a wand of polymorph (19/24)
Scrolls
 m - 5 scrolls of teleportation
Potions
 d - a potion of flight
 e - 3 potions of curing
 h - a potion of brilliance {unknown}
 j - a potion of ambrosia
 n - a potion of agility {unknown}
 p - a potion of invisibility {unknown}
 r - a potion of might
Comestibles
 f - 7 bread rations
 k - 4 meat rations
 l - 6 royal jellies


   Skills:
 + Level 6.7 Fighting
 * Level 10.8 Axes
 + Level 7.1 Armour
 + Level 6.1 Dodging
 - Level 3.0 Shields


You had 9 spell levels left.
You didn't know any spells.

Dungeon Overview and Level Annotations

Branches:
Dungeon (8/15)             Temple (1/1) D:6
   Lair: D:8-11

Altars:
Ashenzari
Cheibriados
Dithmenos
Elyvilon
Fedhas
Gozag
Hepliaklqana
Kikubaaqudgha
Makhleb
Nemelex Xobeh
Okawaru
Qazlal
Ru
Sif Muna
Trog
Uskayaw
Vehumet
Wu Jian
Xom
Yredelemnul
Zin
The Shining One

Shops:
D:7 :


Innate Abilities, Weirdness & Mutations

You have a beak for a mouth.
You have claws for feet.
You can fly.


Message History

The kobold demonologist mumbles some strange words.
Unknown command.
Unknown command.
Unknown command.
Your shield and chain mail prevent you from hitting the kobold demonologist.
You claw the kobold demonologist, but do no damage.
The kobold demonologist is almost dead.
You hit the ufetubus but do no damage. You hit the ice devil but do no damage.
You slash the goblin!
You kill the goblin!
The ufetubus hits you but does no damage.
The ufetubus hits you.
* * * LOW HITPOINT WARNING * * *
The red devil hits you from afar with a trident.
* * * LOW HITPOINT WARNING * * *
The kobold demonologist hits you with a war axe.
* * * LOW HITPOINT WARNING * * *
The ufetubus closely misses you. The ufetubus hits you.
You die...
Your body crumbles into a pile of gold.

.....≈≈≈≈≈.#.....#
...........'.....#
∩..........)).⌠..#
...........')....#
.....≈≈≈≈≈.#)....#
.....≈≈≈≈≈.#''##### #
####.≈≈≈≈≈.#...4..#
..#
#≈≈≈≈≈≈.#....4$#....#
#≈≈≈≈≈######.@K§...#
#≈≈≈≈≈# #.858.8.+
#≈≈≈≈≈# #..5....#
#≈≈≈≈≈# #######+#
#≈≈≈≈≈#$ $ #≈≈≈≈≈#


You could see an ice devil, a kobold demonologist, a red devil, an iron imp and
an ufetubus.

Vanquished Creatures
  The ghost of Ordine the Thaumaturge, a novice OpTm (D:7)
  A kobold demonologist (Bailey)
  Edmund (D:5)
  5 orc warriors
  2 phantoms
  A sky beast (D:5)
  2 ogres
  2 centaurs
  3 bullfrogs
  A scorpion (D:4)
  4 wights
  2 howler monkeys (D:7)
  3 crimson imps
  A bullfrog zombie (D:5)
  5 orc priests
  A hound (D:7)
  7 orc wizards
  3 bullfrog skeletons
  Terence (D:3)
  An iguana (D:7)
  4 worker ants
  A hound zombie (D:6)
  A hound skeleton (D:6)
  A worker ant zombie (D:5)
  Robin (D:4)
  6 adders
  9 gnolls
  A shadow imp (D:5)
  2 oozes
  An adder zombie (D:5)
  An adder skeleton (D:7)
  3 worms (D:3)
  4 dart slugs
  6 leopard geckos
  36 orcs
  6 giant cockroaches
  13 goblins
  12 hobgoblins
  4 jackals (D:3)
  3 quokkas
  A ball python zombie (D:5)
  6 bats
  3 frilled lizards
  2 jackal skeletons (D:4)
  8 kobolds
  7 rats
189 creatures vanquished.

Notes
Turn   | Place    | Note
-------+----------+-------------------------------------------
     0 | D:1      | Ordine the Tengu Fighter began the quest for the Orb.
     0 | D:1      | Reached XP level 1. HP: 14/14 MP: 2/2
    40 | D:1      | You fall through a shaft!
   116 | D:2      | Reached skill level 3 in Axes
   116 | D:2      | Reached XP level 2. HP: 7/19 MP: 3/3
   118 | D:2      | Reached XP level 3. HP: 9/23 MP: 4/4
   124 | D:2      | Reached skill level 4 in Axes
   169 | D:2      | Reached XP level 4. HP: 8/28 MP: 5/5
   517 | D:2      | Found a glowing silver altar of Zin.
   787 | D:1      | Reached skill level 5 in Axes
  2045 | D:3      | Gained mutation: You can fly. [Tengu growth]
  2045 | D:3      | Reached XP level 5. HP: 32/32 MP: 6/6
  2081 | D:3      | Reached skill level 6 in Axes
  2230 | D:3      | Noticed Terence
  2242 | D:3      | Killed Terence
  2497 | D:3      | Reached XP level 6. HP: 37/37 MP: 7/7
  2500 | D:3      | Reached skill level 7 in Axes
  3432 | D:4      | Noticed Robin
  3446 | D:4      | Killed Robin
  3772 | D:4      | Reached skill level 8 in Axes
  3772 | D:4      | Reached XP level 7. HP: 38/41 MP: 8/8
  3819 | D:4      | Found a white marble altar of Elyvilon.
  3822 | D:4      | Found a sacrificial altar of Ru.
  3825 | D:4      | Found an opulent altar of Gozag.
  3829 | D:4      | Became a worshipper of Gozag Ym Sagoz the Greedy
  3840 | D:4      | Found a basalt altar of Yredelemnul.
  4196 | D:4      | Reached skill level 9 in Axes
  4505 | D:5      | Entered Level 5 of the Dungeon
  4629 | D:5      | Noticed Edmund
  4635 | D:5      | Reached skill level 1 in Dodging
  4638 | D:5      | Reached XP level 8. HP: 35/46 MP: 5/9
  4639 | D:5      | Killed Edmund
  4789 | D:5      | Reached skill level 5 in Armour
  5005 | D:5      | HP: 2/48 [poisoned by an orc wizard]
  5564 | D:6      | Reached skill level 5 in Fighting
  5887 | D:5      | Reached XP level 9. HP: 39/54 MP: 10/10
  6166 | D:6      | Found a staircase to the Ecumenical Temple.
  6176 | Temple   | Entered the Ecumenical Temple
  6881 | D:6      | Reached skill level 5 in Dodging
  6922 | D:7      | Noticed Ordine's ghost (novice OpTm)
  6948 | D:7      | Killed Ordine's ghost
  6948 | D:7      | Reached skill level 10 in Axes
  6982 | D:7      | Found Xerchequle's Book Boutique.
  7481 | D:8      | Found a flagged portal.
  7487 | D:8      | Got a bronze chain mail
  7493 | Bailey   | Entered a bailey
  7504 | Bailey   | Identified the +8 chain mail of Miorr {*Slow rPois rF+++ Str+4 Dex-4} (You found it on level 8 of the Dungeon)
  7564 | Bailey   | Noticed a kobold demonologist
  7566 | Bailey   | Noticed a smoke demon
  7568 | Bailey   | Noticed a kobold demonologist
  7572 | Bailey   | Killed a kobold demonologist
  7572 | Bailey   | Reached XP level 10. HP: 30/61 MP: 11/11
  7588 | Bailey   | HP: 3/61 [red devil/trident[a kobold demonologist] (14)]
  7592 | Bailey   | HP: 1/61 [kobold demonologist/war axe (3)]
  7592 | Bailey   | Slain by an ufetubus

Vault maps used:
D:1:      lightli_molten_gateway
D:2:      first_bread, minmay_hexomino_r4
D:3:      uniq_terence
D:4:      grunt_temple_overflow_cloverleaf, uniq_robin
D:5:      nrook_loot_triangle, uniq_edmund
D:6:      temple_statues
D:7:      grunt_ogre_cave, minmay_shop_grid_forest
D:8:      enter_bailey_2, uniq_psyche
Temple:   dpeg_five_rooms_temple
Bailey:   bailey_axe_of_yendor_kennysheep, bailey

Skill      XL: |  1  2  3  4  5  6  7  8  9 |
---------------+----------------------------+-----
Axes           | 3 4 5 6 8 9 10 | 10.8
Dodging        | 1 4 6 |  6.1
Armour         | 4 5 7 |  7.1
Fighting       | 5 6 |  6.7
Shields        | |  3.0

Action                   |  1- 3 |  4- 6 |  7- 9 | 10-12 || total
-------------------------+-------+-------+-------+-------++-------
Melee: War axe           |    31 |   196 |   292 |    17 ||   536
       Kick              |     8 |    46 |    96 |     7 ||   157
       Peck              |     4 |    26 |    60 |     4 ||    94
Invok: Potion Petition   |       |       |     1 |       ||     1
 Abil: Fly               |       |       |     4 |       ||     4
  Use: Potion            |     1 |       |       |     3 ||     4
       Scroll            |       |     4 |     9 |       ||    13
 Stab: Distracted        |       |       |     1 |       ||     1
  Eat: Chunk             |       |     9 |     1 |       ||    10
       Fruit             |       |       |     5 |       ||     5
       Meat ration       |       |       |     1 |       ||     1
       Bread ration      |       |       |     1 |       ||     1
Armor: Scale mail        |     9 |    71 |    12 |       ||    92
       Plate armour      |       |       |    26 |       ||    26
       Chain mail        |       |       |   119 |    34 ||   153
Dodge: Dodged            |     8 |    50 |    72 |    21 ||   151
Block: Shield            |    15 |    86 |   132 |    26 ||   259
